 Dungeon Crawl Stone Soup version 0.19.1 (webtiles) character file.

1178 Gargoyl the Chopper (level 8, -3/65 (67) HPs)
             Began as a Ghoul Abyssal Knight on Dec 15, 2016.
             Was a Priest of Lugonu.
             Splashed by a jelly's acid (7 damage)
             ... on level 5 of the Dungeon.
             The game lasted 00:12:05 (4520 turns).

Gargoyl the Chopper (Ghoul Abyssal Knight)          Turns: 4520, Time: 00:12:05

HP:   -3/65 (67)    AC:  0    Str: 16    XL:     8   Next: 42%
MP:   10/10         EV: 12    Int:  7    God:    Lugonu [***...]
Gold: 235           SH:  0    Dex: 10    Spells: 0 memorised, 7 levels left

rFire  . . .     SeeInvis .     a - +2 hand axe
rCold  + + .     Gourm    .     p - +0 chain mail
rNeg   + + +     Faith    .     (no shield)
rPois  ∞         Spirit   .     m - +0 helmet
rElec  .         Reflect  .     (no cloak)
rCorr  .         Harm     .     l - +0 pair of gloves
MR     .....                    (no boots)
Stlth  ..........               (no amulet)
                                k - ring of protection from cold
                                e - +5 ring of evasion

@: corroded, rotting
A: rotting body, claws 1, carnivore 3, cold resistance 1, negative energy
resistance 3, slow regeneration 1, torment resistance, unbreathing
a: Depart the Abyss, Bend Space, Banish, Renounce Religion


You were on level 5 of the Dungeon.
You worshipped Lugonu.
Lugonu was most pleased with you.
You were not hungry.

You visited 1 branch of the dungeon, and saw 5 of its levels.
You visited the Abyss 1 time.

You collected 235 gold pieces.

Inventory:

Hand Weapons
 a - a +2 hand axe (weapon)
 j - a +0 spear
Missiles
 h - 4 javelins (quivered)
Armour
 l - a +0 pair of gloves (worn)
 m - a +0 helmet (worn)
 p - a +0 chain mail (worn)
Jewellery
 e - a +5 ring of evasion (left hand)
 k - a ring of protection from cold (right hand)
Scrolls
 d - a scroll of identify
 n - 3 scrolls of remove curse
Potions
 b - a potion of brilliance
 f - a potion of cancellation {unknown}
 g - 2 potions of heal wounds {unknown}
 i - 2 potions of agility {unknown}
 q - 3 potions of magic {unknown}
 s - a potion of haste {unknown}
 u - a potion of lignification {unknown}
Books
 r - the Handbook of This Worked Last Time
   (You found it on level 4 of the Dungeon)

   Spells                             Type                      Level
   a - Beastly Appendage              Transmutation                1
   b - Passwall                       Transmutation/Earth          2
   c - Static Discharge               Conjuration/Air              3
   d - Mephitic Cloud                 Conjuration/Poison/Air       3
   e - Bolt of Draining               Conjuration/Necromancy       5
   f - Yara's Violent Unravelling     Hexes/Transmutation          5
 v - a book of Minor Magic

   Spells                             Type                      Level
   a - Magic Dart                     Conjuration                  1
   b - Blink                          Translocation                2
   c - Call Imp                       Summoning                    2
   d - Repel Missiles                 Charms/Air                   2
   e - Slow                           Hexes                        2
   f - Conjure Flame                  Conjuration/Fire             3
   g - Mephitic Cloud                 Conjuration/Poison/Air       3
Comestibles
 c - 2 meat rations


   Skills:
 + Level 4.8 Fighting
 + Level 5.8 Axes
 + Level 0.3 Throwing
 * Level 5.0 Armour
 + Level 2.0 Dodging
 * Level 4.4 Invocations


You had 7 spell levels left.
You didn't know any spells.

Dungeon Overview and Level Annotations

Branches:
Dungeon (5/15)             Temple (0/1) D:4

Altars:
Dithmenos
Elyvilon
Okawaru
Qazlal
Ru
Uskayaw
Xom

Shops:
D:5 %

Annotations:
Abyss:1 Eustachio


Innate Abilities, Weirdness & Mutations

Your body is rotting away.
You thrive on raw meat.
You are immune to poison.
You have sharp fingernails.
You are carnivorous and can eat meat at any time.
Your flesh is cold resistant. (rC+)
You are immune to negative energy. (rN+++)
You regenerate slowly when monsters are visible.
You are immune to unholy pain and torment.
You can survive without breathing.


Message History

The jelly hits you but does no damage.
You hit the jelly but do no damage. The acid corrodes you!
Your hands burn!
The jelly is moderately wounded.
The jelly hits you.
You are splashed with acid!
The acid burns!
* * * LOW HITPOINT WARNING * * *
Press: ? - help, Shift-Dir - straight line, f - jelly
Aim: a jelly (moderately wounded, chance to defeat MR: 88%)
You fail to use your ability.
The jelly hits you.
* * * LOW HITPOINT WARNING * * *
You are splashed with acid!
The acid burns!
* * * LOW HITPOINT WARNING * * *
Press: ? - help, Shift-Dir - straight line, f/p - jelly
Aim: a jelly (moderately wounded, chance to defeat MR: 88%)
You fail to use your ability.
The jelly barely misses you.
Press: ? - help, Shift-Dir - straight line, f/p - jelly
Aim: a jelly (moderately wounded, chance to defeat MR: 88%)
You fail to use your ability.
The jelly hits you.
* * * LOW HITPOINT WARNING * * *
You are splashed with acid!
The acid burns!
You die...

*,,,,,,,*,,,,*,,,,,,.............
*,,,,,,,***#.*#.,,**#.####..##..#
*,,,,,,,**,%.##.#####.#####.##..#
*,,,,,,,,*,,................#....
*,,,,,,,,+,,,....)....#.....#....
***,,**,**,**##..[##).###...#####
***+***,*#.####...##.####...#####
,,,,,*,,,..............#......#..
,,,,,*,,,......J@..?...#......#..
,,,,,**,,.###.##+###...###...####
,**,,*#######.##..##...###+#####.
#######.......#...#......#...#...
......+.......#...#......#>..#...
......#.8...8.#.<.#......'...#...
###..##.......###'##.....#...#...
#######...>...##..##..####'####..
..................##..####.#####+


You could see a jelly.

Vanquished Creatures
  Sigmund (D:3)
  An ice beast (D:5)
  3 ogres
  2 scorpions (D:4)
  A jelly (D:5)
  A howler monkey (D:5)
  A hound (D:4)
  2 orc wizards
  Jessica (D:2)
  A worker ant (D:4)
  A hound skeleton (D:4)
  Robin (D:3)
  8 adders
  An ooze (D:4)
  3 worms
  5 dart slugs
  2 leopard geckos
  19 orcs
  4 giant cockroaches
  19 goblins
  12 hobgoblins
  13 jackals
  11 kobolds
  2 quokkas
  10 bats
  9 frilled lizards
  A jackal zombie (D:5)
  8 rats
143 creatures vanquished.

Notes
Turn   | Place    | Note
-------+----------+-------------------------------------------
     0 | Abyss:1  | Gargoyl the Ghoul Abyssal Knight began the quest for the Orb.
     0 | Abyss:1  | Reached XP level 1. HP: 19/19 MP: 1/1
   115 | Abyss:1  | Noticed a thrashing horror
   160 | Abyss:2  | Noticed a large abomination
   167 | Abyss:2  | Noticed a blink frog
   187 | Abyss:2  | Noticed a small abomination
   191 | Abyss:2  | Noticed a spatial vortex
   192 | Abyss:2  | Noticed a spatial maelstrom
   192 | D:1      | Escaped the Abyss
   300 | D:1      | Reached * piety under Lugonu
   300 | D:1      | Reached XP level 2. HP: 21/27 MP: 2/2
   563 | D:1      | Reached XP level 3. HP: 22/33 MP: 3/3
  1007 | D:2      | Noticed Jessica
  1029 | D:2      | Killed Jessica
  1029 | D:2      | Reached XP level 4. HP: 31/40 MP: 4/4
  1091 | D:2      | Reached ** piety under Lugonu
  1116 | D:2      | Found a shadowy altar of Dithmenos.
  1132 | D:2      | Found a sacrificial altar of Ru.
  1407 | D:2      | Found a faded altar of an unknown god.
  1407 | D:2      | Found a stormy altar of Qazlal.
  1413 | D:2      | Found a faded altar of an unknown god.
  1416 | D:2      | Found a faded altar of an unknown god.
  1431 | D:2      | Found a faded altar of an unknown god.
  1581 | D:3      | Found a shimmering altar of Xom.
  1609 | D:3      | Found an iron altar of Okawaru.
  1675 | D:3      | Reached XP level 5. HP: 41/46 MP: 6/6
  1978 | D:3      | Noticed Robin
  1985 | D:3      | Reached skill level 1 in Dodging
  2005 | D:3      | Killed Robin
  2005 | D:3      | Reached *** piety under Lugonu
  2065 | D:3      | Found a white marble altar of Elyvilon.
  2085 | D:3      | Noticed Sigmund
  2103 | D:3      | Killed Sigmund
  2103 | D:3      | Reached XP level 6. HP: 52/52 MP: 7/7
  2522 | D:3      | Reached XP level 7. HP: 37/60 MP: 8/8
  2778 | D:4      | Identified the Handbook of This Worked Last Time
  2971 | D:4      | Reached skill level 5 in Axes
  3007 | D:4      | Found a staircase to the Ecumenical Temple.
  3078 | D:4      | Noticed Eustachio
  3122 | D:4      | Banished Eustachio
  3753 | D:4      | Reached XP level 8. HP: 49/67 MP: 10/10
  3897 | D:4      | Found a hide-covered altar of Uskayaw.
  4058 | D:5      | Entered Level 5 of the Dungeon
  4109 | D:5      | Got a translucent rapier
  4110 | D:5      | Identified the +10 rapier "Tormentor" {protect, *Corrode rElec rN+ Str+4} (You found it on level 5 of the Dungeon)
  4396 | D:5      | Found Kotilyici's Food Emporium.
  4464 | D:5      | Reached skill level 5 in Armour
  4520 | D:5      | Splashed by a jelly's acid

Skill      XL: |  1  2  3  4  5  6  7  8 |
---------------+-------------------------+-----
Armour         | 2 3 4 5 |  5.0
Axes           | 2 3 4 5 |  5.8
Fighting       | 4 |  4.8
Dodging        | 1 2 |  2.0
Invocations    | 3 4 |  4.4
Throwing       | |  0.3

Action                   |  1- 3 |  4- 6 |  7- 9 || total
-------------------------+-------+-------+-------++-------
Melee: Hand axe          |   113 |   246 |   264 ||   623
       Rapier            |       |       |     6 ||     6
Throw: Javelin           |       |       |     3 ||     3
Invok: Depart the Abyss  |     1 |       |       ||     1
       Bend Space        |       |     1 |     2 ||     3
       Banish            |       |       |     1 ||     1
  Use: Scroll            |       |     4 |     7 ||    11
       Potion            |       |       |     1 ||     1
  Eat: Chunk             |    22 |    35 |    30 ||    87
Armor: Leather armour    |    15 |       |       ||    15
       Scale mail        |    32 |    69 |       ||   101
       Chain mail        |       |    27 |   120 ||   147
Dodge: Dodged            |   126 |   242 |   194 ||   562
